 Dungeon Sprint DCSS version 0.17-a0-1663-gb806841 (webtiles) character file.

4276 Kidiri the Unseen (level 10, -1/44 HPs)
             Began as a Spriggan Enchanter on Aug 16, 2015.
             Was a Believer of Dithmenos.
             Slain by a tentacle (18 damage)
             ... attached to a kraken
             ... in the Dungeon (Sprint II: "The Violet Keep of Menkaure").
             The game lasted 00:08:06 (1567 turns).

Kidiri the Unseen (Spriggan Enchanter)              Turns: 1567, Time: 00:08:06

Health: -1/44      AC:  3    Str:  4    XL:     10   Next: 10%
Magic:  27/27      EV: 33    Int: 19    God:    Dithmenos [**....]
Gold:   737        SH:  0    Dex: 21    Spells: 5 memorised, 22 levels left

rFire  . . .     SeeInvis +     a - +1 dagger
rCold  . . .     Clarity  .     k - +1 robe {Archmagi}
rNeg   . . .     SustAt   .     (shield restricted)
rPois  .         Gourm    .     (helmet restricted)
rElec  .         Spirit   .     (no cloak)
rCorr  .         Warding  .     (gloves unavailable)
rMut   .         NoTele   +     (boots unavailable)
MR     +....                    (no amulet)
Stlth  +++++++++.               (no ring)
                                s - +3 ring of dexterity

@: wreathed by umbra, very quick, somewhat resistant to hostile enchantments,
incredibly stealthy
A: unfitting armour, see invisible, herbivore 3, speed 3, mutation resistance 1,
slow metabolism 2
a: Shadow Step, Renounce Religion


You were in the Dungeon.
You worshipped Dithmenos.
Dithmenos was pleased with you.
You were not hungry.

You visited 1 branch You collected 1469 gold pieces.
You spent 732 gold pieces at shops.

Inventory:

Hand weapons
 a - a +1 dagger (weapon)
Missiles
 m - 2 throwing nets (quivered)
Armour
 b - a +1 robe
 k - a +1 robe of the Archmagi (worn)
Jewellery
 s - a +3 ring of dexterity (left hand)
Scrolls
 j - 6 scrolls of blinking
 l - a scroll of immolation {unknown}
 p - a scroll of remove curse {unknown}
 q - a scroll of random uselessness {unknown}
 r - 2 scrolls of fear {unknown}
 u - a scroll of amnesia {unknown}
 x - 3 scrolls of magic mapping {unknown}
Potions
 f - 2 potions of heal wounds
 g - a potion of haste
 h - 6 potions of magic
 i - 6 potions of curing
 n - 2 potions of agility
 o - 3 potions of resistance
 v - a potion of brilliance
 w - 3 potions of flight
Books
 c - a book of Maledictions

   Spells                             Type                      Level
   a - Corona                         Hexes                        1
   b - Ensorcelled Hibernation        Hexes/Ice                    2
   c - Confuse                        Hexes                        3
   d - Tukima's Dance                 Hexes                        3
   e - Dazzling Spray                 Conjuration/Hexes            3
Comestibles
 d - 3 bread rations
 z - a fruit


   Skills:
 + Level 8.4 Short Blades
 * Level 14.9 Dodging
 * Level 16.2 Stealth
 * Level 12.8 Spellcasting
 + Level 5.4 Conjurations
 + Level 10.0 Hexes
 + Level 6.2 Ice Magic


You had 22 spell levels left.
You knew the following spells:

 Your Spells              Type           Power        Failure   Level  Hunger
a - Corona                Hex            ######.      1%          1    None
b - Ensorcelled Hibernat  Hex/Ice        ######       1%          2    None
c - Confuse               Hex            ######..     1%          3    None
d - Tukima's Dance        Hex            ######..     1%          3    None
e - Dazzling Spray        Conj/Hex       ######..     1%          3    None


Dungeon Overview and Level Annotations

Branches:
Dungeon (1/1)

Altars:
Cheibriados
Dithmenos
Elyvilon
Fedhas
Gozag
Kikubaaqudgha
Makhleb
Nemelex Xobeh
Okawaru
Qazlal
Ru
Sif Muna
Trog
Vehumet
Xom
Yredelemnul
Zin
The Shining One
Beogh
Jiyva
Lugonu

Shops:
D ::(=[!([=[!?*}%[

Annotations:
D exclusion: oklob plant


Innate Abilities, Weirdness & Mutations

You are tiny and cannot use many weapons and most armour.
You have supernaturally acute eyesight.
You are a herbivore.
You cover ground extremely quickly.
You need consume almost no food.
You are somewhat resistant to further mutation.


Message History

You open the door.
There is an open door here.
You enter the shallow water.
Moving in this stuff is going to be slow.
Tentacles burst out of the water!
Casting: Confuse
Confirm with . or Enter, or press ? or * to list all spells.
Aiming: Dazzling Spray
Press: ? - help, Shift-Dir - straight line, f/p - kraken
Aim: a kraken (water)
Okay, then.
The tentacle completely misses you.
There is an open door here.
The tentacle slaps you!!
Ouch! That really hurt!
You see here a leather armour.
You see here a hunting sling.
The tentacle completely misses you. The tentacle slaps you!!
You die...

▓▓+▓▓▓▓.▓ ## +...▓0..▓
.### #...▓▓▓▓▓▓▓▓▓▓
...# #.§.▓≈≈≈≈≈≈≈≈▓▓
...# #§)▓▓▓▓▓▓▓▓▓▓▓
...# #)§▓.)...[(!▓▓
##.# #)}▓...)(...▓▓
.+.####)=▓.[...[%.▓▓
.#...####▓...(.%@.▓▓
###..##.#▓.....w..▓▓
..+..#.)#▓....)*))▓▓
[.#..#.%#▓.()..*..▓▓
###..##(#▓.))..*[.▓▓
.###...##▓▓▓▓▓▓▓*▓▓▓▓+▓
§§.≈≈≈≈≈≈≈≈≈≈≈≈≈.*wXw≈▓
§..≈#+########+###*w≈≈▓
≈§.≈#.._._...#≈§§##≈≈≈▓


You could see a kraken and 3 tentacles.

Vanquished Creatures
  An ice dragon (D)
  2 unseen horrors (D)
  A siren (D)
  A yaktaur (D)
  3 polar bears (D)
  3 slime creatures (D)
  A vampire mosquito (D)
  Menkaure (D)
  A wasp (D)
  A crocodile (D)
  4 brain worms (D)
  4 worker ants (D)
  3 worms (D)
26 creatures vanquished.

Vanquished Creatures (others)
  7 tentacles (D)
  147 tentacle segments (D)
154 creatures vanquished.

Grand Total: 180 creatures vanquished

Notes
Turn   | Place    | Note
--------------------------------------------------------------
     0 | D        | Kidiri the Spriggan Enchanter began the quest for the Orb.
     0 | D        | Reached XP level 1. HP: 9/9 MP: 5/5
     6 | D        | Noticed a brain worm
     6 | D        | Noticed a brain worm
     6 | D        | Noticed a brain worm
     6 | D        | Noticed a brain worm
    10 | D        | Noticed a worker ant
    10 | D        | Noticed a worker ant
    10 | D        | Noticed a worker ant
    10 | D        | Noticed a worker ant
    13 | D        | Noticed a siren
    44 | D        | Reached skill level 5 in Stealth
    46 | D        | Reached XP level 2. HP: 7/13 MP: 3/7
   236 | D        | Learned a level 2 spell: Ensorcelled Hibernation
   253 | D        | Killed a brain worm
   253 | D        | Reached skill level 6 in Dodging
   253 | D        | Reached skill level 7 in Stealth
   253 | D        | Reached skill level 5 in Spellcasting
   253 | D        | Reached skill level 1 in Ice Magic
   253 | D        | Reached XP level 3. HP: 16/16 MP: 5/10
   253 | D        | Reached XP level 4. HP: 21/21 MP: 6/12
   263 | D        | Learned a level 3 spell: Confuse
   267 | D        | Learned a level 3 spell: Tukima's Dance
   271 | D        | Learned a level 3 spell: Dazzling Spray
   340 | D        | Killed a brain worm
   340 | D        | Reached skill level 8 in Stealth
   340 | D        | Reached skill level 1 in Conjurations
   340 | D        | Reached skill level 5 in Hexes
   344 | D        | Killed a brain worm
   344 | D        | Reached skill level 9 in Stealth
   344 | D        | Reached XP level 5. HP: 24/24 MP: 6/15
   348 | D        | Killed a brain worm
   348 | D        | Reached XP level 6. HP: 28/28 MP: 3/17
   454 | D        | Killed a worker ant
   454 | D        | Reached skill level 10 in Stealth
   456 | D        | Killed a worker ant
   463 | D        | Killed a worker ant
   465 | D        | Killed a worker ant
   482 | D        | Killed a siren
   482 | D        | Reached skill level 5 in Short Blades
   482 | D        | Reached skill level 10 in Dodging
   482 | D        | Reached skill level 11 in Stealth
   482 | D        | Reached XP level 7. HP: 32/32 MP: 18/20
   505 | D        | Noticed an orange crystal statue
   507 | D        | Noticed Menkaure
   509 | D        | Killed Menkaure
   509 | D        | Reached skill level 12 in Stealth
   547 | D        | Noticed a flying skull
   547 | D        | Noticed a flying skull
   547 | D        | Noticed a flying skull
   547 | D        | Noticed a flying skull
   547 | D        | Noticed a flying skull
   548 | D        | Noticed a flying skull
   548 | D        | Noticed a flying skull
   549 | D        | Noticed a flying skull
   549 | D        | Noticed a flying skull
   551 | D        | Found Vucuduck's Antique Armour Shop.
   553 | D        | Found Otyrhet's Food Boutique.
   554 | D        | Noticed a flying skull
   555 | D        | Found Kirghyid's Assorted Antiques.
   555 | D        | Found Ulamy's Magic Scroll Shop.
   557 | D        | Found Giyschea's Armour Shop.
   557 | D        | Found Oqiec's Jewellery Boutique.
   558 | D        | Found Micweo's Distillery.
   558 | D        | Found Inguytoi's Antique Armour Shop.
   561 | D        | Noticed a vampire mosquito
   562 | D        | Noticed a crocodile
   570 | D        | Killed a vampire mosquito
   575 | D        | Killed a crocodile
   575 | D        | Reached XP level 8. HP: 19/36 MP: 17/22
   713 | D        | Found Anwyagi's Antique Armour Shop.
   720 | D        | Noticed a flying skull
   723 | D        | Found Qioquva's Antique Weapon Shop.
   723 | D        | Found Raunats's Book Boutique.
   724 | D        | Found Tidwiddyhy's Distillery.
   724 | D        | Found Asotugir's Jewellery Boutique.
   724 | D        | Noticed a black bear
   725 | D        | Found Beak's Gadget Shop.
   725 | D        | Found Polugie's Weapon Boutique.
   727 | D        | Noticed a black bear
   728 | D        | Noticed an oklob plant
   728 | D        | Noticed a yak
   729 | D        | Found Iliog's Book Shoppe.
   729 | D        | Noticed a black bear
   733 | D        | Noticed a yak
   733 | D        | Noticed a yak
   740 | D        | Bought a scroll of blinking for 97 gold pieces
   740 | D        | Bought a scroll of blinking for 97 gold pieces
   740 | D        | Bought a scroll of identify for 26 gold pieces
   740 | D        | Bought a scroll of identify for 26 gold pieces
   741 | D        | Noticed a spiny frog
   742 | D        | Bought a potion of heal wounds for 55 gold pieces
   742 | D        | Bought a potion of curing for 33 gold pieces
   742 | D        | Bought a potion of beneficial mutation for 385 gold pieces
   742 | D        | Gained mutation: You are somewhat resistant to further mutation. [potion of beneficial mutation]
   751 | D        | Bought an embroidered robe for 13 gold pieces
   802 | D        | Found a deep blue altar of Sif Muna.
   803 | D        | Found a roughly hewn altar of Beogh.
   803 | D        | Found a shadowy altar of Dithmenos.
   803 | D        | Found a blossoming altar of Fedhas.
   804 | D        | Found a viscous altar of Jiyva.
   804 | D        | Found a stormy altar of Qazlal.
   804 | D        | Found a burning altar of Makhleb.
   805 | D        | Found an iron altar of Okawaru.
   805 | D        | Found a glowing golden altar of the Shining One.
   805 | D        | Found a shimmering altar of Xom.
   806 | D        | Found a sparkling altar of Nemelex Xobeh.
   806 | D        | Found a basalt altar of Yredelemnul.
   806 | D        | Found a snail-covered altar of Cheibriados.
   807 | D        | Found a bloodstained altar of Trog.
   807 | D        | Found a white marble altar of Elyvilon.
   808 | D        | Found a sacrificial altar of Ru.
   809 | D        | Noticed a yaktaur
   809 | D        | Noticed a wasp
   809 | D        | Noticed a polar bear
   810 | D        | Noticed a polar bear
   810 | D        | Noticed a polar bear
   811 | D        | Killed a polar bear
   811 | D        | Reached skill level 13 in Stealth
   811 | D        | Reached skill level 10 in Spellcasting
   812 | D        | Killed a polar bear
   816 | D        | Killed a polar bear
   816 | D        | Reached skill level 5 in Ice Magic
   817 | D        | Killed a wasp
   822 | D        | Killed a yaktaur
   822 | D        | Reached skill level 14 in Stealth
   822 | D        | Reached XP level 9. HP: 36/39 MP: 15/25
   878 | D        | Found an opulent altar of Gozag.
   880 | D        | Found a radiant altar of Vehumet.
   880 | D        | Found a glowing silver altar of Zin.
   881 | D        | Found an ancient bone altar of Kikubaaqudgha.
   881 | D        | Found a corrupted altar of Lugonu.
   884 | D        | Became a worshipper of Dithmenos the Shadowed
   896 | D        | Noticed an unseen horror
   897 | D        | Noticed an unseen horror
   898 | D        | Killed an unseen horror
   900 | D        | Killed an unseen horror
   900 | D        | Reached skill level 15 in Stealth
   900 | D        | Reached skill level 5 in Conjurations
   910 | D        | Noticed an ice dragon
   913 | D        | Killed an ice dragon
   923 | D        | Noticed a deep elf master archer
   926 | D        | Noticed a slime creature
   926 | D        | Noticed a slime creature
   926 | D        | Noticed a slime creature
   928 | D        | Killed a slime creature
   928 | D        | Reached XP level 10. HP: 44/44 MP: 27/27
   930 | D        | Killed a slime creature
   930 | D        | Reached skill level 16 in Stealth
   932 | D        | Killed a slime creature
   932 | D        | Acquired Dithmenos's first power
   932 | D        | Reached skill level 10 in Hexes
   957 | D        | Noticed a kraken
  1567 | D        | Slain by a tentacle

Vault maps used:
D:        the_violet_keep_of_menkaure

Action                   |  1- 3 |  4- 6 |  7- 9 | 10-12 || total
-------------------------+-------+-------+-------+-------++-------
Melee: Dagger            |    32 |     9 |    15 |     3 ||    59
 Cast: Corona            |     5 |       |       |       ||     5
       Ensorcelled Hiber |     1 |     6 |     3 |     2 ||    12
       Dazzling Spray    |       |       |     7 |     2 ||     9
       Confuse           |       |       |     1 |     1 ||     2
  Use: Potion            |     3 |       |     2 |       ||     5
       Scroll            |       |       |       |     5 ||     5
 Stab: Sleeping          |       |     8 |     9 |     2 ||    19
       Invisible         |       |       |     2 |       ||     2
